 Dungeon Crawl Stone Soup version 0.16.0-11-gd45b091 (webtiles) character file.

114093 dysrexia the Envoy of Void (level 16, -20/90 HPs)
             Began as a Vine Stalker Abyssal Knight on Mar 17, 2015.
             Was a High Priest of Lugonu.
             Shot with an arrow by a satyr (23 damage)
             ... on level 2 of the Shoals.
             The game lasted 02:53:47 (26355 turns).

dysrexia the Envoy of Void (VSAK)                  Turns: 26355, Time: 02:53:47

Health: -20/90     AC: 19    Str: 17    XL:     16   Next: 65%
Magic:  0/43       EV: 13    Int: 12    God:    Lugonu [*****.]
Gold:   1822       SH:  0    Dex: 19    Spells: 2 memorised, 7 levels left

rFire  . . .     SeeInvis .     F - +0 battleaxe (chop)
rCold  + . .     Clarity  +     t - +0 chain mail {rPois}
rNeg   . . .     SustAb   .     (no shield)
rPois  +         Gourm    .     A - +2 hat
rElec  +         Spirit   +     E - +2 cloak {MR+}
rCorr  .         Warding  .     s - +0 pair of gloves
rMut   .         Stasis   .     j - +0 pair of boots (curse)
MR     ++++.                    m - amulet of clarity
Stlth  ..........               k - ring "Ethirai" {rElec rC+ MR+}
                                T - ring of magical power

@: very slightly contaminated, incredibly resistant to hostile enchantments,
extremely unstealthy
A: fangs 3, regeneration 3, magic shield, antimagic bite, no device heal 3, rot
immunity
a: Depart the Abyss, Bend Space, Banish, Corrupt, Enter the Abyss, Renounce
Religion


You were on level 2 of the Shoals.
You worshipped Lugonu.
Lugonu was extremely pleased with you.
You were hungry.

You visited 5 branches of the dungeon, and saw 32 of its levels.
You visited the Abyss 2 times.
You also visited: Volcano.

You collected 2938 gold pieces.
You spent 1116 gold pieces at shops.

Inventory:

Hand weapons
 F - a +0 battleaxe of chopping (weapon)
 J - a +0 blowgun
Missiles
 f - 80 poisoned needles
 l - 5 curare-tipped needles
 n - 731 stones
 H - a throwing net (quivered)
Armour
 j - a cursed +0 pair of boots (worn)
 s - a +0 pair of gloves (worn)
 t - a +0 chain mail of poison resistance (worn)
 A - a +2 hat (worn)
 E - a +2 cloak of magic resistance (worn)
Jewellery
 k - the ring "Ethirai" (right hand) {rElec rC+ MR+}
   (You bought it in a shop on level 4 of the Orcish Mines)

   [ring of protection from magic]

   It protects you from cold.
   It insulates you from electricity.
   It affects your resistance to hostile enchantments.
 m - an amulet of clarity (around neck)
 o - an uncursed ring of positive energy
 C - an uncursed amulet of faith {unknown}
 T - a ring of magical power (left hand)
 V - an uncursed ring of protection from fire
Magical devices
 d - a wand of fire (3)
 q - a wand of lightning (3)
 x - a wand of flame (20)
 B - a wand of teleportation (5)
 G - a wand of disintegration (8)
 Q - a wand of fireball (2)
 U - a wand of lightning (5)
 X - a wand of digging (13)
Scrolls
 g - a scroll of identify
 i - 5 scrolls of magic mapping
 u - 4 scrolls of teleportation
 w - a scroll of fog
 R - 5 scrolls of remove curse
Potions
 a - 4 potions of curing
 e - 2 potions of cancellation
 h - 8 potions of brilliance
 v - 3 potions of might
 I - 2 potions of haste
 K - 5 potions of invisibility
 N - 5 potions of berserk rage
 O - 3 potions of flight
 P - a potion of resistance
 W - 4 potions of restore abilities
Books
 p - a book of Spatial Translocations

   Spells                             Type                      Level
   a - Apportation                    Translocation                1
   b - Blink                          Translocation                2
   c - Shroud of Golubria             Charms/Translocation         2
   d - Portal Projectile              Translocation                3
   e - Teleport Other                 Translocation                3
   f - Passage of Golubria            Translocation                4
Miscellaneous
 b - a fan of gales
 S - a phial of floods (inert)
Comestibles
 c - 11 bread rations
 z - 14 meat rations


   Skills:
 + Level 12.6 Fighting
 - Level 14.2 Axes
 + Level 9.2 Armour
 + Level 8.9 Dodging
 - Level 15.0 Invocations


You had 7 spell levels left.
You knew the following spells:

 Your Spells              Type           Power        Failure   Level  Hunger
a - Silence               Hex/Air        #.........   100%        5    ######.
b - Regeneration          Chrm/Necr      #.........   100%        3    ####...


Dungeon Overview and Level Annotations

Branches:
Dungeon (14/15)            Temple (0/1) D:7            Lair (8/8) D:10
 Shoals (2/5) Lair:5       Spider (4/5) Lair:6        Slime (0/6) Lair:6
    Orc (4/4) D:10            Elf (0/3) Orc:3        Vaults (0/5) D:14

Altars:
Dithmenos
Elyvilon
Fedhas
Gozag
Makhleb
Nemelex Xobeh
Qazlal
Sif Muna
Trog
Vehumet
Xom
Yredelemnul
Zin
Beogh

Shops:
D:12 [   Orc:3 !   Orc:4 !=%:

Annotations:
Spider:2 exclusion: Roxanne, Roxanne
Spider:4 Donald
Orc:4 Zapata's ghost, mighty KoBe
Abyss:1 Nessos; Prince Ribbit


Innate Abilities, Weirdness & Mutations

You have razor-sharp teeth.
You regenerate.
When hurt, damage is shared between your health and your magic reserves.
Your bite disrupts and absorbs the magic of your enemies.
Potions and wands cannot restore your health.
You are immune to rotting.


Message History

Blink to where?
Press: ? - help, Dir - move target cursor, f - you
Okay, then.
Use which ability? (? or * to list)
Okay, then.
Use which ability? (? or * to list)
You don't have enough magic at the moment.
Use which ability? (? or * to list)
Okay, then.
Drink which item? (? for menu, Esc to quit)
Okay, then.
Evoke which item? (* to show all) (? for menu, Esc to quit)
Okay, then.
Read which item? (? for menu, Esc to quit)
Blink to where?
Press: ? - help, Dir - move target cursor You are very lightly contaminated with residual magic.
As you read the scroll of blinking, it crumbles to dust.
The satyr shoots an arrow.
The arrow hits you!!
You die...

#...≈≈≈≈≈≈≈≈....≈
#...≈≈≈≈...##)). ..##
####...≈≈≈≈...###.. ≈≈≈...#
#.....≈≈≈≈≈...###..
≈≈≈≈...###.....≈≈≈≈≈≈≈≈..≈≈≈
≈..≈..≈.........≈≈≈≈≈≈≈≈...≈≈
≈≈.....≈≈..(≈≈≈...≈≈≈≈≈≈≈≈...≈
≈.......≈.....≈..≈≈≈≈≈≈≈≈≈≈≈≈.
...#.≈....<..@....≈≈≈≈≈≈≈≈≈≈≈≈
............##.....≈≈≈≈≈≈≈≈≈≈≈≈
..≈..≈≈.§..(.#(.....≈≈≈≈≈≈≈≈≈≈≈
?......c.≈≈....≈≈≈≈≈≈≈≈≈≈≈.≈≈≈≈
≈≈.....).≈....≈≈≈≈≈≈≈≈≈≈.#.≈≈≈
≈≈≈≈≈.≈...≈......≈≈≈≈≈...###.≈≈
.≈≈≈≈≈.≈≈.......≈≈≈≈≈≈≈≈..#
#.≈≈ #≈≈≈≈..≈..≈≈≈≈≈.≈≈≈≈≈.≈..#
##≈≈
#.≈≈≈..≈≈≈≈≈≈≈≈≈≈≈≈≈≈≈..###.≈≈


You could see a satyr.

Vanquished Creatures
  Agnes (Spider:2)
  A ghost moth (Spider:4)
  Azrael (Spider:3)
  A merfolk impaler (Shoals:1)
  3 hydras
  A catoblepas (Lair:8)
  4 ogre magi
  A merfolk avatar (Shoals:1)
  A deep troll shaman (Lair:8)
  2 centaur warriors
  5 death yaks
  2 fire crabs
  2 sea snakes
  A harpy (Shoals:1)
  A lindwurm (Lair:8)
  A hill giant (D:13)
  26 wolf spiders
  13 orb spiders
  A hornet (Spider:2)
  A necromancer (D:14)
  4 griffons
  A cyclops (D:12)
  A wizard (D:14)
  9 elephants
  A water nymph (Shoals:1)
  5 manticores
  2 sirens (Shoals:2)
  8 ugly things
  7 drowned souls (Shoals:1)
  A centaur zombie (D:13)
  2 molten gargoyles (Volcano)
  A torpor snail (Spider:2)
  3 black mambas
  10 spiny frogs
  6 komodo dragons
  2 centaur skeletons
  A gargoyle (D:11)
  A kobold demonologist (D:11)
  2 fire drakes
  A queen bee (Spider:2)
  11 demonic crawlers
  33 jumping spiders
  5 yaktaurs (D:14)
  6 trolls
  A merfolk (Shoals:2)
  A slime creature (Lair:6)
  A boulder beetle (Spider:3)
  15 two-headed ogres
  3 basilisks
  12 trapdoor spiders
  A snapping turtle (Shoals:1)
  13 blink frogs
  3 shadows
  A wyvern (D:11)
  21 redbacks
  3 fire elementals (Spider:3)
  A deep elf mage (D:11)
  6 tarantellas
  51 yaks
  A hungry ghost (D:12)
  A spriggan (Lair:3)
  3 fire bats (Volcano)
  9 hippogriffs
  A deep elf fighter (D:14)
  A warg (Orc:3)
  14 wolves
  12 water moccasins
  A mottled dragon (D:11)
  9 orc warriors
  6 hell hounds
  2 ice beasts
  6 phantoms
  10 porcupines
  An eye of draining (D:11)
  3 sky beasts
  A wasp (D:14)
  30 spiders
  35 ogres
  3 black bears
  A boring beetle (Spider:4)
  17 crocodiles
  17 centaurs
  23 giant frogs
  A gnoll sergeant (D:6)
  2 big kobolds
  2 wyvern zombies (D:11)
  A water moccasin skeleton (D:8)
  A wyvern skeleton (D:14)
  11 scorpions
  27 killer bees
  6 wights
  7 jellies
  2 goliath beetles
  4 lava snakes (Volcano)
  5 giant frog skeletons
  6 crimson imps
  14 hounds
  17 orc priests
  22 orc wizards
  11 iguanas
  7 worker ants
  A hound zombie (D:5)
  2 hound skeletons
  A mummy (D:13)
  2 worker ant zombies
  5 gnolls (D:6)
  25 adders
  121 river rats
  3 shadow imps
  5 worms
  4 giant geckos
  6 oozes
  128 orcs
  2 bat skeletons (D:4)
  15 hobgoblins
  4 jackals (D:2)
  9 quokkas
  12 bats
  8 giant cockroaches
  8 giant newts
  A giant spore (D:7)
  21 goblins
  A jackal skeleton (D:6)
  21 kobolds
  15 rats
  15 ballistomycetes
  2 butterflies
  9 fungi
  11 plants
  3 tentacles (Shoals:1)
1138 creatures vanquished.

Vanquished Creatures (others)
  An emperor scorpion (Spider:4)
  A hydra (Lair:2)
  2 wolf spiders
  10 drowned souls (Shoals:1)
  A trapdoor spider (Spider:2)
  A giant cockroach (D:7)
  2 giant spores
  2 fungi (Lair:3)
  2 plants
  13 tentacles (Shoals:1)
  574 tentacle segments (Shoals:1)
609 creatures vanquished.

Grand Total: 1747 creatures vanquished

Notes
Turn   | Place    | Note
--------------------------------------------------------------
     0 | Abyss:1  | dysrexia, the Vine Stalker Abyssal Knight, began the quest for the Orb.
     0 | Abyss:1  | Reached XP level 1. HP: 11/11 MP: 1/1
     0 | D:1      | Escaped the Abyss
   106 | D:1      | Reached XP level 2. HP: 16/16 MP: 3/3
   140 | D:1      | Acquired Lugonu's first power
   534 | D:1      | Reached skill level 3 in Axes
   641 | D:2      | Reached XP level 3. HP: 19/19 MP: 4/4
   757 | D:2      | Found a shadowy altar of Dithmenos.
  1023 | D:2      | Acquired Lugonu's second power
  1032 | D:2      | Reached XP level 4. HP: 13/23 MP: 4/6
  1173 | D:2      | Reached skill level 4 in Axes
  1376 | D:3      | Found a bloodstained altar of Trog.
  1769 | D:3      | Reached XP level 5. HP: 22/27 MP: 8/8
  1828 | D:4      | Noticed a phantom
  2077 | D:4      | Noticed an ogre
  2172 | D:4      | Reached skill level 5 in Axes
  2265 | D:4      | Gained mutation: You heal very quickly. [vine stalker growth]
  2265 | D:4      | Reached XP level 6. HP: 32/32 MP: 7/9
  2318 | D:4      | Killed an ogre
  2318 | D:4      | Reached skill level 6 in Axes
  2372 | D:4      | Noticed a centaur
  2378 | D:4      | Killed a centaur
  2420 | D:4      | Reached XP level 7. HP: 30/35 MP: 7/10
  2477 | D:4      | Found a basalt altar of Yredelemnul.
  2514 | D:4      | Acquired Lugonu's third power
  2562 | D:4      | Killed a phantom
  2562 | D:4      | Reached skill level 7 in Axes
  2653 | D:5      | Entered Level 5 of the Dungeon
  2905 | D:5      | Reached skill level 8 in Axes
  3052 | D:5      | Gained mutation: You have razor-sharp teeth. [vine stalker growth]
  3052 | D:5      | Reached XP level 8. HP: 16/39 MP: 6/13
  3238 | D:6      | Reached skill level 9 in Axes
  3581 | D:7      | Acquired Lugonu's fourth power
  3738 | D:6      | Reached skill level 10 in Axes
  3851 | D:6      | Reached XP level 9. HP: 38/43 MP: 14/14
  4182 | D:7      | Found a white marble altar of Elyvilon.
  4437 | D:7      | Reached skill level 5 in Invocations
  4609 | D:7      | Acquired Lugonu's fifth power
  4730 | D:7      | Found a staircase to the Ecumenical Temple.
  4932 | D:8      | Found a radiant altar of Vehumet.
  4937 | D:8      | Found a glowing silver altar of Zin.
  4951 | D:8      | Found a blossoming altar of Fedhas.
  4956 | D:8      | Found a shimmering altar of Xom.
  5073 | D:8      | Found an opulent altar of Gozag.
  5266 | D:8      | Found a deep blue altar of Sif Muna.
  5368 | D:8      | Noticed Prince Ribbit
  5371 | D:8      | Banished Prince Ribbit
  5371 | D:8      | Reached XP level 10. HP: 42/51 MP: 21/21
  5393 | D:8      | Found a sparkling altar of Nemelex Xobeh.
  5457 | D:8      | Found a stormy altar of Qazlal.
  5527 | D:9      | Reached skill level 5 in Fighting
  6089 | D:9      | Found a burning altar of Makhleb.
  6225 | D:10     | Entered Level 10 of the Dungeon
  6506 | D:10     | Found a staircase to the Lair.
  6792 | D:10     | Found a staircase to the Orcish Mines.
  6898 | Lair:1   | Entered Level 1 of the Lair of Beasts
  7241 | Lair:1   | Reached XP level 11. HP: 32/63 MP: 23/23
  7576 | Lair:1   | Noticed a black mamba
  7579 | Lair:1   | Reached skill level 10 in Fighting
  7582 | Lair:1   | Killed a black mamba
  7772 | Lair:2   | Found a glowing silver altar of Zin.
  8120 | Lair:2   | Reached skill level 11 in Fighting
  8170 | Lair:2   | Reached skill level 1 in Dodging
  8274 | Lair:2   | Noticed a six-headed hydra
  8296 | Lair:2   | Banished a six-headed hydra
  8634 | Lair:3   | Noticed an eight-headed hydra
  8832 | Lair:3   | Noticed a death yak
  8846 | Lair:3   | Killed a death yak
  9307 | Lair:4   | Gained mutation: You regenerate. [vine stalker growth]
  9307 | Lair:4   | Reached XP level 12. HP: 61/70 MP: 24/24
  9748 | Lair:4   | Got a crystal spear
  9756 | Lair:4   | Identified the +10 spear "Ynteet" {elec, rPois Str+3 Dex+2} (You found it on level 4 of the Lair of Beasts)
 10231 | Lair:5   | Reached skill level 5 in Armour
 10350 | Lair:5   | Reached skill level 5 in Dodging
 10644 | Lair:5   | Found a staircase to the Shoals.
 11236 | Lair:6   | Found a staircase to the Slime Pits.
 11521 | Lair:6   | Found a hole to the Spider Nest.
 11589 | Lair:6   | Reached XP level 13. HP: 58/74 MP: 25/25
 11680 | Lair:6   | Found a deep blue altar of Sif Muna.
 11964 | Lair:7   | Reached skill level 12 in Axes
 12649 | Lair:8   | Entered Level 8 of the Lair of Beasts
 13903 | Lair:8   | Reached XP level 14. HP: 70/79 MP: 28/28
 14187 | Lair:3   | Killed an eight-headed hydra
 14308 | Orc:1    | Entered Level 1 of the Orcish Mines
 14656 | Orc:2    | Found a dark tunnel.
 14664 | Volcano  | Entered a volcano
 14801 | Volcano  | Found a radiant altar of Vehumet.
 15215 | Orc:3    | Found a roughly hewn altar of Beogh.
 15260 | Orc:3    | Found a staircase to the Elven Halls.
 15274 | Orc:3    | Found Khitischu's Distillery.
 15474 | Orc:4    | Entered Level 4 of the Orcish Mines
 15696 | Orc:4    | Reached skill level 13 in Axes
 15833 | Orc:4    | Noticed Zapata's ghost (mighty KoBe)
 15978 | Orc:3    | Reached skill level 10 in Invocations
 16286 | Orc:4    | Found Asassual's Distillery.
 16286 | Orc:4    | Found Afapnif's Food Emporium.
 16286 | Orc:4    | Found Klam's Jewellery Emporium.
 16286 | Orc:4    | Found Kiebb's Book Shop.
 16302 | Orc:4    | Bought the ring "Ethirai" {rElec rC+ MR+} for 598 gold pieces
 16302 | Orc:4    | Bought an uncursed amulet of clarity for 260 gold pieces
 16727 | D:11     | Found a white marble altar of Elyvilon.
 17154 | D:11     | Learned a level 5 spell: Silence
 17158 | D:11     | Learned a level 3 spell: Regeneration
 17555 | D:12     | Found Wiadoam's Armour Boutique.
 17563 | D:12     | Bought a +2 cloak of magic resistance for 258 gold pieces
 19068 | D:14     | Reached XP level 15. HP: 41/82 MP: 19/31
 19155 | D:14     | Found a gate to the Vaults.
 19219 | D:14     | Got a crude chain mail
 19220 | D:14     | Identified the +4 chain mail "Sanizant" {Regen+ Str-4 Dex+5 SInv Stlth-} (You found it on level 14 of the Dungeon)
 19771 | D:14     | Found a blossoming altar of Fedhas.
 19870 | D:14     | Reached skill level 14 in Axes
 20342 | Spider:1 | Entered Level 1 of the Spider Nest
 20902 | Spider:1 | Found a roughly hewn altar of Beogh.
 21054 | Spider:1 | Identified a scroll of acquirement
 21512 | Spider:2 | Noticed Agnes
 21524 | Spider:2 | Killed Agnes
 21956 | Spider:2 | Noticed Roxanne
 22326 | Spider:2 | Reached XP level 16. HP: 40/88 MP: 19/33
 22944 | Spider:3 | Reached skill level 15 in Invocations
 22966 | Spider:3 | Got a warped plate armour
 22977 | Spider:3 | Identified the +2 plate armour of Sloth {rF+ rN+ MR+ Int-4 Dex-4} (You found it on level 3 of the Spider Nest)
 23119 | Spider:3 | Noticed Azrael
 23193 | Spider:3 | Killed Azrael
 23654 | Spider:4 | Escaped the Abyss
 24153 | Spider:4 | Noticed Donald
 25275 | Shoals:1 | Entered Level 1 of the Shoals
 25343 | Shoals:1 | Noticed a kraken
 26154 | Shoals:2 | Noticed Nessos
 26169 | Shoals:2 | Banished Nessos
 26354 | Shoals:2 | HP: 2/90 [satyr/arrow (16)]
 26355 | Shoals:2 | Shot with an arrow by a satyr

Action                   |  1- 3 |  4- 6 |  7- 9 | 10-12 | 13-15 | 16-18 || total
-------------------------+-------+-------+-------+-------+-------+-------++-------
Melee: Hand axe          |    90 |       |       |       |       |       ||    90
       War axe           |    15 |   121 |   365 |   907 |    78 |       ||  1486
       Battleaxe         |       |       |       |       |  1107 |   321 ||  1428
       Spear             |       |       |       |       |    15 |       ||    15
       Executioner's axe |       |       |       |       |   121 |       ||   121
 Fire: Blowgun           |       |       |     6 |     6 |    28 |    19 ||    59
Throw: Stone             |     1 |     1 |       |     1 |     3 |     4 ||    10
       Throwing net      |       |       |       |       |       |     1 ||     1
Invok: Depart the Abyss  |     1 |       |       |       |       |     1 ||     2
       Banish            |       |       |       |     4 |     1 |     7 ||    12
       Enter the Abyss   |       |       |       |       |       |     1 ||     1
Evoke: Wand              |       |       |     2 |       |       |     3 ||     5
       Phial of floods   |       |       |       |       |       |     1 ||     1
  Use: Scroll            |     5 |     4 |     3 |    12 |    14 |     8 ||    46
       Potion            |       |       |       |     2 |     3 |     3 ||     8
 Stab: Sleeping          |     1 |       |       |       |       |       ||     1
  Eat: Chunk             |       |     5 |    10 |    19 |    15 |    13 ||    62
       Beef jerky        |       |       |       |     2 |     4 |     2 ||     8
       Pizza             |       |       |       |     2 |     3 |       ||     5
       Royal jelly       |       |       |       |       |     7 |       ||     7
